 Dungeon Crawl Stone Soup version 0.29-a0-1047-g7c58e119a4 (webtiles) character file.

Game seed: 14246996211120072493

4 flotson the Sneak (level 1, -4/18 HPs)
             Began as a Demonspawn Delver on Aug 16, 2022.
             Slain by an orc
             ... wielding a +0 short sword
              (5 damage)
             ... on level 5 of the Dungeon.
             The game lasted 00:00:19 (57 turns).

flotson the Sneak (Demonspawn Delver)                 Turns: 57, Time: 00:00:20

Health: -4/18      AC:  3    Str: 12    XL:     1   Next: 58%
Magic:  1/1        EV: 11    Int: 11    God:
Gold:   12         SH:  0    Dex: 14    Spells: 0/0 levels left

rFire   . . .      SeeInvis .   i - +1 dagger (venom)
rCold   . . .      Faith    .   (no shield)
rNeg    . . .      Spirit   .   b - +0 leather armour
rPois   .          Reflect  .   (no helmet)
rElec   .          Harm     .   (no cloak)
rCorr   .          Rampage  .   (no gloves)
Will    .....                   (no boots)
Stlth   ++........              (no amulet)
HPRegen 0.06/turn               (no ring)
MPRegen 0.07/turn               (no ring)

@: no status effects
A: no striking features
a: no special abilities


You were on level 5 of the Dungeon.
You visited 1 branch of the dungeon, and saw 1 of its levels.

You collected 12 gold pieces.

Inventory:

Hand Weapons
 a - a +0 hand axe
 i - a +1 dagger of venom (weapon)
Armour
 b - a +0 leather armour (worn)
Wands
 g - a wand of digging (3)
Scrolls
 c - a scroll of fog
 d - a scroll of magic mapping
 e - a scroll of fear
Potions
 f - a potion of haste
 h - a potion of resistance {unknown}


   Skills:
 + Level 3.0 Fighting
 * Level 1.9 Axes
 + Level 0.1 Armour
 + Level 1.8 Dodging
 - Level 4.5 Stealth
 + Level 0.2 Evocations


You couldn't memorise any spells.
You didn't know any spells.
Your spell library was empty.

Dungeon Overview and Level Annotations

Branches:
Dungeon (5/15)
 Temple: D:4-7

Altars:


Message History

An orc comes into view. It is wielding a +1 dagger of venom.
Found a stone staircase leading up and a stone staircase leading down.
There is an open door here.
The helpless orc fails to defend itself.
You slash the orc!
You kill the orc!
No target in view!
No target in view!
No target in view!
No target in view!
No target in view!
No target in view!
No target in view!
Things that are here:
a +1 dagger of venom; an orc corpse Your +1 dagger of venom begins to drip with poison!
i - a +1 dagger of venom (weapon)
An orc comes into view. It is wielding a +0 club.
An orc wizard and 2 orcs come into view.
The orc wizard shouts!
The orc wizard gestures wildly while chanting.
The orc wizard flickers and vanishes!
Deactivating autopickup; reactivate with Ctrl-A.
The orc shouts!
The orc shouts! x2
You hit the orc.
The orc is lightly wounded.
The orc hits you with a +0 flail!
Ouch! That really hurt!
The orc attacks as you move away! The orc hits you with a +0 short sword.
You hear the slow hiss of an avalanche of sand very nearby.
The orc attacks as you move away! The orc hits you with a +0 flail.
The orc attacks as you move away! The orc hits you with a +0 short sword.
* * * LOW HITPOINT WARNING * * *
The orc attacks as you move away! The orc hits you with a +0 short sword.
* * * LOW HITPOINT WARNING * * *
A dart slug comes into view.
There is a stone staircase leading up here.
The orc hits you with a +0 short sword.
You die...

#.#.##..##..###..##..##
#...##..##..###..##..#
#................#.....
#................#.....#
#................#.....#
#..{o............#.....#
###.######...#####
#.##.#####'##
#...o.o@....#
#..o...†....#
#....##....##
#....##....#
.........#.......
..##.....#........ ..
#....##..>....w .
#....########.. .....#
..


You could see a dart slug (wandering) and 3 orcs.

Vanquished Creatures
  A dart slug (D:5)
  An orc (D:5)
2 creatures vanquished.

Notes
Turn   | Place    | Note
-------+----------+-------------------------------------------
     0 | D:5      | flotson the Demonspawn Delver began the quest for the Orb.
     0 | D:5      | Reached XP level 1. HP: 18/18 MP: 1/1
    44 | D:5      | Noticed an orc wizard
    57 | D:5      | Slain by an orc

Illustrated notes

Levels and vault maps discovered:
D:5:      layout_gridville, nicolae_ossuary_entry_monument,
          nicolae_figureground_pulse

Action                   || total
-------------------------++-------
Melee: Hand axe          ||     4
       Dagger            ||     1
 Stab: Sleeping          ||     1
Armor: Leather armour    ||     1

Table legend: (Time is in decaauts)
 A = Elapsed time spent in this place.
 B = Non-inter-level travel time spent in this place.
 C = Inter-level travel time spent in this place.
 D = Time resting spent in this place.
 E = Time spent auto-exploring this place.
 F = Levels seen in this place.
 G = Mean time per level.
                   A        B        C        D        E       F      G
               +--------+--------+--------+--------+--------+-----+--------+
         Total |     57 |     57 |      0 |      0 |     32 |   1 |   57.0 |
       Dungeon |     57 |     57 |      0 |      0 |     32 |   1 |   57.0 |
               +--------+--------+--------+--------+--------+-----+--------+

Top non-repeatable levels by time:
     D:5: 57 daAuts
